AoeStats
← LuisVilli5943

Arabia

505492904Analyzed
1v1 RM · 21d ago on Sep 9, 2026· 56m 14s· 2 players
Game mode
Random Map
Map size
Tiny (2 player)
Population
200
Speed
Normal
Resources
Standard
Victory
Conquest
Starting age
Dark Age
Ending age
Imperial Age
RankedLock teamsTeams togetherTeam positionsShared explorationLock speedFull tech treeHidden civsTurbo modeCheats
Victory
Defeat
🇹🇷 Franks · Türkiye
1034
+15
🇪🇸 Portuguese · Spain
1020
-15
LuisVilli5943
8:28 Loom
10:48 Feudal Age
11:52 Double-Bit Axe
14:09 Fletching
15:26 Padded Archer Armor
19:23 Horse Collar
21:12 Wheelbarrow
23:40 Castle Age
22:42 Scale Mail Armor
22:46 Gold Mining
23:31 Town Watch
24:00 Crossbowman
24:03 Pikeman
26:40 Bodkin Arrow
28:04 Thumb Ring
28:39 Leather Archer Armor
31:40 Hand Cart
35:08 Chain Mail Armor
35:12 Town Patrol
36:17 Sanctity
39:27 Imperial Age
38:27 Ballistics
39:18 Forging
41:18 Chemistry
40:39 Bracer
40:32 Arbalester
47:44 Siege Engineers
47:22 Treadmill Crane
48:05 Conscription
51:52 Husbandry
51:21 Light Cavalry
52:12 Bloodlines
53:06 Ring Archer Armor
traksby
6:28 Loom
9:16 Feudal Age
9:47 Double-Bit Axe
22:58 Castle Age
21:41 Forging
21:36 Scale Barding Armor
22:07 Scale Barding Armor
22:28 Fletching
23:55 Husbandry
23:18 Elite Skirmisher
24:42 Bow Saw
29:40 Wheelbarrow
29:05 Stone Mining
29:05 Gold Mining
34:05 Iron Casting
33:50 Chain Barding Armor
36:23 Chain Barding Armor
40:28 Imperial Age
39:24 #83
40:18 Gold Shaft Mining
40:00 Bodkin Arrow
40:06 Padded Archer Armor
40:31 Cavalier
42:26 Chemistry
42:20 Hand Cart
43:53 Paladin
43:54 Pikeman
51:34 Ballistics
54:56 Blast Furnace
54:31 Plate Barding Armor
54:13 Leather Archer Armor
53:59 Scale Mail Armor
Connection lost

Rejoining the realm…

Still unreachable

The connection could not be restored.

Session expired

The server has moved on; the page needs a fresh start.